 Dungeon Crawl Stone Soup version 0.26-a0-651-gb41185065b (webtiles) character file.

Game seed: 4200129940431676212

96 TigOlBitties the Magician (level 4, 0/24 HPs)
             Began as a Deep Elf Air Elementalist on Sept 29, 2020.
             Slain by a centaur (9 damage)
             ... on level 3 of the Dungeon.
             The game lasted 00:03:15 (2329 turns).

TigOlBitties the Magician (DEAE)                    Turns: 2329, Time: 00:03:17

Health: 0/24       AC:  2    Str:  5    XL:     4   Next: 41%
Magic:  10/12      EV: 13    Int: 21    God:
Gold:   168        SH:  0    Dex: 15    Spells: 10/11 levels left

rFire    . . .     SeeInvis .   (no weapon)
rCold    . . .     Faith    .   (no shield)
rNeg     . . .     Spirit   .   a - +0 robe
rPois    .         Reflect  .   (no helmet)
rElec    .         Harm     .   (no cloak)
rCorr    .         Rampage  .   (no gloves)
MR       .....                  (no boots)
Stlth    ++........             (no amulet)
HPRegen  0.08/turn              (no ring)
MPRegen  0.13/turn              (no ring)

@: no status effects
A: no striking features
a: no special abilities


You were on level 3 of the Dungeon.
You visited 1 branch of the dungeon, and saw 3 of its levels.

You collected 168 gold pieces.

Inventory:

Armour
 a - a +0 robe (worn)
Jewellery
 i - a +6 ring of intelligence {unknown}
Scrolls
 c - a scroll of teleportation {unknown}
 d - 2 scrolls of fog {unknown}
 e - a scroll of enchant weapon {unknown}
 f - a scroll of noise {unknown}
 g - a scroll of magic mapping {unknown}
 h - a scroll of enchant armour {unknown}
 j - 2 scrolls of identify {unknown}
 k - 3 scrolls of remove curse {unknown}
 n - a scroll of amnesia {unknown}
Potions
 b - 2 potions of curing {unknown}
 l - a potion of brilliance {unknown}
 m - a potion of degeneration {unknown}


   Skills:
 - Level 2.4 Dodging
 - Level 2.4 Stealth
 + Level 4.3 Spellcasting
 + Level 2.8 Conjurations
 + Level 3.9 Air Magic


You had 10 spell levels left.
You knew the following spells:

 Your Spells              Type           Power        Failure   Level
a - Shock                 Conj/Air       ###.         3%          1

Your spell library contained the following spells:

 Spells                   Type           Power        Failure   Level
 Swiftness                Air            ###.....     3%          2
 Static Discharge         Conj/Air       ###.....     9%          3
 Airstrike                Air            ###.......   22%         4
 Lightning Bolt           Conj/Air       ###.......   63%         5


Dungeon Overview and Level Annotations

Branches:
Dungeon (3/15)

Altars:
Trog


Message History

A centaur is nearby!
A centaur is nearby!
The centaur unwields a +0 shortbow.
The centaur barely misses you. x2
Casting: Shock (safe; 3% risk of failure)
Confirm with . or Enter, or press ? or * to list all spells.
Aiming: Shock (safe; 3% risk of failure)
Press: ? - help, Shift-Dir - straight line The zap misses the centaur.
The zap hits the centaur.
The centaur is lightly wounded.
The centaur closely misses you.
Casting: Shock (safe; 3% risk of failure)
Confirm with . or Enter, or press ? or * to list all spells.
Aiming: Shock (safe; 3% risk of failure)
Press: ? - help, Shift-Dir - straight line The zap hits the centaur but does no damage.
The centaur is lightly wounded.
The zap hits the centaur!
The centaur is heavily wounded.
The centaur hits you! x2
You die...

.# .# .# .#
.# .# .#
##########
.##
.......c.#
..##
########@#
...# #.# ...#
#.# ...# #.#
...# #.# #..#
###########.#
#..#
#...........#
#..#
#.###########
#..# #.#


You could see a centaur.

Vanquished Creatures
  3 adders
  An ooze (D:2)
  2 dart slugs
  4 leopard geckos
  2 giant cockroaches (D:1)
  11 goblins
  8 hobgoblins
  4 kobolds
  A quokka (D:2)
  7 bats
  5 frilled lizards
  7 rats
55 creatures vanquished.

Vanquished Creatures (others)
  6 fungi (D:1)
  A plant (D:1)
7 creatures vanquished.

Grand Total: 62 creatures vanquished

Notes
Turn   | Place    | Note
-------+----------+-------------------------------------------
     0 | D:1      | TigOlBitties the Deep Elf Air Elementalist began the quest
                  | for the Orb.
     0 | D:1      | Reached XP level 1. HP: 10/10 MP: 6/6
   295 | D:1      | Reached XP level 2. HP: 15/15 MP: 5/8
   690 | D:1      | Reached XP level 3. HP: 19/19 MP: 3/10
  1382 | D:2      | Found a bloodstained altar of Trog.
  1462 | D:2      | Reached skill level 4 in Spellcasting
  1542 | D:2      | Reached XP level 4. HP: 24/24 MP: 7/12
  2321 | D:3      | Noticed a centaur
  2329 | D:3      | Slain by a centaur

Illustrated notes

Levels and vault maps discovered:
D:1:      lemuel_arrival_muddy, layout_basic
D:2:      layout_rooms, trog_book
D:3:      layout_loops_ring

Skill      XL: |  1  2  3 |
---------------+----------+-----
Conjurations   | 2 |  2.8
Spellcasting   | 4 |  4.3
Dodging        | |  2.4
Stealth        | |  2.4
Air Magic      | |  3.9

Action                   |  1- 3 |  4- 6 || total
-------------------------+-------+-------++-------
 Cast: Shock             |    80 |    36 ||   116
Armor: Robe              |     2 |     1 ||     3
Dodge: Dodged            |     7 |     7 ||    14

Table legend: (Time is in decaauts)
 A = Elapsed time spent in this place.
 B = Non-inter-level travel time spent in this place.
 C = Inter-level travel time spent in this place.
 D = Time resting spent in this place.
 E = Time spent auto-exploring this place.
 F = Levels seen in this place.
 G = Mean time per level.
                   A        B        C        D        E       F      G
               +--------+--------+--------+--------+--------+-----+--------+
         Total |   2329 |   2265 |     64 |    271 |   1688 |   3 |  776.3 |
       Dungeon |   2329 |   2265 |     64 |    271 |   1688 |   3 |  776.3 |
               +--------+--------+--------+--------+--------+-----+--------+

Top non-repeatable levels by time:
     D:1: 1263 daAuts
     D:2: 758 daAuts
     D:3: 307 daAuts
